 Dungeon Crawl Stone Soup version 0.26.1-2-gb8aa6d0cf2 (webtiles) character file.

Game seed: 16560402547150095354

1456 DearestLeader the Geomancer (level 8, -2/45 HPs)
             Began as a Gargoyle Earth Elementalist on Mar 1, 2021.
             Killed from afar by an orc wizard (14 damage)
             ... with a puff of flame
             ... on level 6 of the Dungeon.
             The game lasted 00:13:02 (7460 turns).

DearestLeader the Geomancer (GrEE)                  Turns: 7460, Time: 00:13:03

Health: -2/45      AC:  9    Str:  9    XL:     8   Next: 76%
Magic:  4/12       EV: 12    Int: 23    God:
Gold:   187        SH:  0    Dex: 10    Spells: 2/13 levels left

rFire    . . .     SeeInvis .   r - +0 whip (drain)
rCold    . . .     Faith    .   (no shield)
rNeg     + . .     Spirit   .   t - +1 robe "Goumi" {-Tele Harm rPois} (curse)
rPois    ∞         Reflect  .   (no helmet)
rElec    +         Harm     +   e - +0 cloak
rCorr    .         Rampage  .   (no gloves)
Will     .....     NoTele   +   (no boots)
Stlth    ++........             (no amulet)
HPRegen  0.15/turn              q - -4 ring of strength (curse)
MPRegen  0.13/turn              s - +6 ring of intelligence (curse)

@: no status effects
A: negative energy resistance 1, electricity resistance, unbreathing,
petrification resistance, miasma immunity, AC +5
a: no special abilities


You were on level 6 of the Dungeon.
You visited 2 branches of the dungeon, and saw 7 of its levels.

You collected 358 gold pieces.
You spent 171 gold pieces at shops.

Inventory:

Hand Weapons
 f - a +2 mace of holy wrath
 r - a +0 whip of draining (weapon)
Missiles
 b - 126 stones
Armour
 c - a +0 robe
 e - a +0 cloak (worn)
 t - the cursed +1 robe "Goumi" (worn) {-Tele Harm rPois}
   (You bought it in a shop on level 4 of the Dungeon)

   It protects you from poison.
   It prevents most forms of teleportation.
   It increases damage dealt and taken.
   It has a curse placed upon it.
Jewellery
 q - a cursed -4 ring of strength (left hand)
 s - a cursed +6 ring of intelligence (right hand)
Wands
 x - a wand of digging (8)
 y - a wand of polymorph (12)
 B - a wand of iceblast (6)
Scrolls
 g - a scroll of blinking
 h - 2 scrolls of identify
 j - 5 scrolls of amnesia
 o - a scroll of fog
 p - 5 scrolls of teleportation
 v - a scroll of enchant weapon
 A - a scroll of random uselessness {unknown}
Potions
 a - 2 potions of degeneration
 d - 2 potions of lignification {unknown}
 i - a potion of ambrosia {unknown}
 k - 2 potions of haste
 l - a potion of magic {unknown}
 m - 3 potions of mutation
 n - 3 potions of might {unknown}
 u - a potion of brilliance {unknown}
 w - a potion of curing {unknown}
 z - a potion of heal wounds {unknown}


   Skills:
 + Level 2.8 Fighting
 - Level 1.5 Dodging
 - Level 2.1 Stealth
 + Level 3.3 Spellcasting
 - Level 0.7 Transmutations
 * Level 11.8 Earth Magic


You had 2 spell levels left.
You knew the following spells:

 Your Spells              Type           Power        Failure   Level
a - Sandblast             Erth           100%         1%          1
b - Passwall              Tmut/Erth      26%          1%          2
c - Stone Arrow           Conj/Erth      62%          3%          3
d - Lee's Rapid Deconstr  Erth           27%          2%          5

Your spell library contained the following spells:

 Spells                   Type           Power        Failure   Level
 Sting                    Tmut/Pois      20%          10%         1
 Magic Dart               Conj           12%          12%         1
 Poisonous Vapours        Pois/Air       6%           17%         2
 Searing Ray              Conj           6%           17%         2
 Petrify                  Tmut/Erth      32%          9%          4
 Ignite Poison            Fire/Tmut/Pois 4%           30%         3
 Dazzling Flash           Conj/Hex       6%           34%         3
 Mephitic Cloud           Conj/Pois/Air  3%           34%         3
 Fulminant Prism          Conj/Hex       1%           75%         4
 Iskenderun's Mystic Bla  Conj/Tloc      3%           75%         4
 Olgreb's Toxic Radiance  Pois           3%           75%         4


Dungeon Overview and Level Annotations

Branches:
Dungeon (6/15)             Temple (1/1) D:5

Altars:
Cheibriados
Dithmenos
Fedhas
Gozag
Hepliaklqana
Kikubaaqudgha
Makhleb
Nemelex Xobeh
Okawaru
Qazlal
Sif Muna
Trog
Uskayaw
Wu Jian
Xom
Yredelemnul

Shops:
D:4 [   D:5 *


Innate Abilities, Weirdness & Mutations

You are resistant to torment.
Your stone body is resilient. (AC +5)
You are immune to poison.
You resist negative energy. (rN+)
You are resistant to electric shocks. (rElec)
You can survive without breathing.
You are immune to petrification.
You are immune to miasma.


Message History

Unknown command.
You closely miss the orc wizard.
The orc wizard points at you and mumbles some strange words.
The puff of flame hits you.
* * * LOW HITPOINT WARNING * * *
You barely miss the orc wizard.
The orc wizard hits you but does no damage.
An orc priest comes into view. It is wielding a +3 war axe.
The orc wizard closely misses you.
Unknown command.
Unknown command.
The orc wizard miscasts a cantrip.
The orc priest miscasts a cantrip.
There is an open door here.
Things that are here:
a +0 short sword; a +0 plate armour The orc wizard barely misses you.
The orc wizard gestures at you while chanting.
The puff of flame hits you!
You die...

#..... # ######..... #.
#####....#####. #.#######
#........#####. #.......#
#..............
###.......####....###.......
........o.o.##....# #.......
#...†...#.##....# #....... #
#.......#@##....# #.......
....#.o..)..#.##....#
#.......
.....)).....#.##....#
#.......
.....########.......#
#....... .... #.##.####
#....... ... ####.# #.......
..# #....... #### ########


You could see an orc wizard.

Vanquished Creatures
  A black bear (D:4)
  An orc warrior (D:6)
  An ice beast (D:4)
  A phantom (D:4)
  An ogre (D:5)
  A bullfrog (D:3)
  A scorpion (D:5)
  The ghost of letownia the Magician, a weakling OpWz (D:3)
  2 orc priests
  6 orc wizards
  A hound (D:5)
  A bullfrog skeleton (D:6)
  A jelly (D:6)
  An iguana (D:5)
  9 worker ants
  A worker ant zombie (D:6)
  4 gnolls (D:3)
  11 adders
  A shadow imp (D:6)
  A white imp (D:6)
  An ufetubus (D:5)
  An ooze (D:2)
  An adder zombie (D:5)
  4 worms
  A dart slug (D:1)
  3 leopard geckos (D:1)
  22 orcs
  2 ball pythons
  8 bats
  2 giant cockroaches
  8 goblins
  5 hobgoblins
  3 jackals (D:3)
  7 kobolds
  4 quokkas
  6 frilled lizards
  A leopard gecko zombie (D:6)
  11 rats
137 creatures vanquished.

Notes
Turn   | Place    | Note
-------+----------+-------------------------------------------
     0 | D:1      | DearestLeader the Gargoyle Earth Elementalist began the
                  | quest for the Orb.
     0 | D:1      | Reached XP level 1. HP: 10/10 MP: 3/3
    94 | D:1      | Reached skill level 4 in Earth Magic
   627 | D:1      | Reached XP level 2. HP: 11/15 MP: 5/5
   967 | D:1      | Reached skill level 5 in Earth Magic
   967 | D:1      | Reached XP level 3. HP: 14/19 MP: 6/6
  1621 | D:2      | Learned a level 2 spell: Passwall
  1625 | D:2      | Learned a level 3 spell: Stone Arrow
  1834 | D:2      | Reached XP level 4. HP: 12/24 MP: 2/7
  2107 | D:2      | Reached skill level 6 in Earth Magic
  3040 | D:3      | Reached XP level 5. HP: 28/28 MP: 4/8
  3055 | D:3      | Reached skill level 7 in Earth Magic
  3254 | D:3      | Found a runed translucent door.
  3262 | D:3      | Noticed letownia's ghost (weakling OpWz)
  4429 | D:3      | Reached skill level 8 in Earth Magic
  4429 | D:3      | Reached XP level 6. HP: 32/32 MP: 6/9
  4444 | D:3      | Killed letownia's ghost
  4735 | D:4      | Noticed an ice beast
  4736 | D:4      | Noticed a phantom
  4739 | D:4      | Killed an ice beast
  4740 | D:4      | Reached skill level 9 in Earth Magic
  4754 | D:4      | Killed a phantom
  4755 | D:4      | Reached XP level 7. HP: 17/36 MP: 5/10
  5339 | D:4      | Reached skill level 10 in Earth Magic
  5387 | D:4      | Found Allogom's Antique Armour Boutique.
  5402 | D:4      | Bought a smoking robe for 171 gold pieces
  5412 | D:4      | Identified the cursed +1 robe "Goumi" {-Tele Harm rPois}
                  | (You bought it in a shop on level 4 of the Dungeon)
  5787 | D:4      | Found an opulent altar of Gozag.
  5787 | D:4      | Found a sparkling altar of Nemelex Xobeh.
  5986 | D:5      | Entered Level 5 of the Dungeon
  6055 | D:5      | Reached XP level 8. HP: 41/41 MP: 9/11
  6070 | D:5      | Found a shimmering altar of Xom.
  6070 | D:5      | Found a hide-covered altar of Uskayaw.
  6071 | D:5      | Found an ornate altar of the Wu Jian Council.
  6075 | D:5      | Found a shimmering blue altar of Sif Muna.
  6083 | D:5      | Learned a level 5 spell: Lee's Rapid Deconstruction
  6103 | D:5      | Found a staircase to the Ecumenical Temple.
  6124 | Temple   | Entered the Ecumenical Temple
  6391 | D:5      | Reached skill level 11 in Earth Magic
  6393 | D:5      | Reached skill level 1 in Fighting
  6827 | D:5      | Found Hilocuiq's General Store.
  7460 | D:6      | Killed from afar by an orc wizard

Illustrated notes

Levels and vault maps discovered:
D:1:      dpeg_arrival_lava_temple_mockup, layout_basic, st_stairs_13,
          minmay_door_square, dk_noncrumbling_3
D:2:      layout_loops_ring
D:3:      minmay_chambers_of_threes, layout_basic, ebering_ghost_sewer_d
D:4:      layout_basic, grunt_temple_overflow_opulence, serial_shops,
          nicolae_shop_waterfront
D:5:      layout_cave_pools, minitemple, minmay_temple_entry_sparse_star,
          serial_shops, kennysheep_mini_moat
D:6:      layout_basic
Temple:   jpeg_temple_alley_garden

Skill      XL: |  1  2  3  4  5  6  7  8 |
---------------+-------------------------+-----
Earth Magic    | 4 5 6 8 9 10 11 | 11.8
Fighting       | 2 |  2.8
Spellcasting   | 3 |  3.3
Dodging        | |  1.5
Stealth        | |  2.1
Transmutations | |  0.7

Action                   |  1- 3 |  4- 6 |  7- 9 || total
-------------------------+-------+-------+-------++-------
Melee: Unarmed           |    45 |       |       ||    45
       Whip              |    59 |   108 |   117 ||   284
       Mace              |       |    69 |     2 ||    71
 Cast: Sandblast         |    21 |    43 |    52 ||   116
       Lee's Rapid Decon |       |       |     1 ||     1
  Use: Scroll            |       |     6 |     3 ||     9
 Stab: Sleeping          |     2 |     3 |     1 ||     6
Armor: Robe              |    45 |    79 |    63 ||   187
Dodge: Dodged            |    88 |   140 |    88 ||   316
